 Dungeon Crawl Stone Soup version 0.31.0-32-g396128a36d (webtiles) character file.

Game seed: 2583467392044760202

444 spaghetti the Skirmisher (level 6, -4/34 HPs)
             Began as a Deep Elf Hunter on Mar 9, 2024.
             Slain by a lemure (7 damage)
             ... led by Pikel
             ... on level 3 of the Dungeon.
             The game lasted 00:04:11 (2134 turns).

spaghetti the Skirmisher (Deep Elf Hunter)          Turns: 2134, Time: 00:04:12

Health: -4/34      AC:  3    Str:  8    XL:     6   Next: 72%
Magic:  15/15      EV: 12    Int: 16    God:
Gold:   173        SH:  0    Dex: 18    Spells: 8/14 levels left

rFire   . . .        a - +0 shortbow
rCold   + . .        (shield currently unavailable)
rNeg    . . .        c - +0 leather armour
rPois   .            (no helmet)
rElec   .            (no cloak)
rCorr   .            (no gloves)
SInv    .            (no boots)
Will    .....        (no amulet)
Stlth   ++           f - ring of protection from cold
HPRegen 0.25/turn    (no ring)
MPRegen 0.14/turn

%: no passive effects
@: no status effects
A: no striking features
a: no special abilities


You were on level 3 of the Dungeon.
You visited 1 branch of the dungeon, and saw 4 of its levels.

You collected 173 gold pieces.

Inventory:

Hand Weapons
 a - a +0 shortbow (weapon)
Armour
 c - a +0 leather armour (worn)
Magical Staves
 e - a staff of fire
Jewellery
 f - a ring of protection from cold (left hand)
Scrolls
 g - a scroll of fog
 l - a scroll of poison


   Skills:
 - Level 1.5 Fighting
 + Level 9.1 Ranged Weapons
 - Level 2.4 Dodging
 - Level 1.2 Stealth
 + Level 4.7 Spellcasting
 + Level 1.0 Ice Magic
 + Level 0.9 Alchemy


You had 8 spell levels left.
You knew the following spells:

 Your Spells              Type           Power      Damage    Failure   Level
a - Sculpt Simulacrum     Ice/Alch       3%         N/A       100%        6

Your spell library contained the following spells:

 Spells                   Type           Power      Damage    Failure   Level
 Ozocubu's Refrigeration  Ice            3%         4d8       100%        7
 Polar Vortex             Ice            3%         N/A       100%        9


Dungeon Overview and Level Annotations

Branches:
Dungeon (4/15)
 Temple: D:4-7

Altars:
Dithmenos
Elyvilon
Fedhas


Message History

Aim: a lemure (moderately wounded, 59% to hit)
You shoot an arrow. The arrow closely misses the lemure.
The lemure hits you!
* * * LOW HITPOINT WARNING * * *
Fire: a) +0 shortbow
Press: ? - help, Q - select action Shift-Dir - straight line, f/p - lemure
Aim: a lemure (moderately wounded, 59% to hit)
You shoot an arrow. The arrow hits the lemure.
The lemure is moderately wounded.
The lemure barely misses you.
Fire: a) +0 shortbow
Press: ? - help, Q - select action Shift-Dir - straight line, f/p - lemure
Aim: a lemure (moderately wounded, 59% to hit)
You shoot an arrow. The arrow barely misses the lemure.
The lemure hits you but does no damage.
Fire: a) +0 shortbow
Press: ? - help, Q - select action Shift-Dir - straight line, f/p - lemure
Aim: a lemure (moderately wounded, 59% to hit)
You shoot an arrow.
The arrow hits the lemure but does no damage.
The lemure is moderately wounded.
The lemure closely misses you.
Fire: a) +0 shortbow
Press: ? - help, Q - select action Shift-Dir - straight line, f/p - lemure
Aim: a lemure (moderately wounded, 59% to hit)
You shoot an arrow. The arrow barely misses the lemure.
The lemure hits you but does no damage.
Fire: a) +0 shortbow
Press: ? - help, Q - select action Shift-Dir - straight line, f/p - lemure
Aim: a lemure (moderately wounded, 59% to hit)
You shoot an arrow.
The arrow hits the lemure but does no damage.
The lemure is moderately wounded.
The lemure barely misses you.
Fire: a) +0 shortbow
Press: ? - help, Q - select action Shift-Dir - straight line, f/p - lemure
Aim: a lemure (moderately wounded, 59% to hit)
You shoot an arrow. The arrow completely misses the lemure.
The lemure hits you!
You die...

.#~~~~#~#~#####.#.#
.##~#~#~~###.....##
..#~###~~~##.##.####
..###.###~##....#⌠⌠#
......#.#~#######__##
........### #P..~#
..........### ##''##
............#####..#
......#####...##@..#
......# ###..5.###
......# ######
....### ....# ....#
...)# ....# ....#


You could see a lemure.

Vanquished Creatures
  Sigmund (D:2)
  A phantom (D:3)
  A scorpion (D:3)
  Natasha (twice) (D:2)
  4 gnolls (D:3)
  A dart slug (D:3)
  2 ribbon worms
  2 orcs (D:3)
  3 endoplasms
  4 giant cockroaches
  6 hobgoblins
  A quokka (D:2)
  6 ball pythons
  5 bats (D:1)
  3 frilled lizards (D:1)
  7 kobolds
  6 rats
55 creatures vanquished.

Notes
Turn   | Place    | Note
-------+----------+-------------------------------------------
     0 | D:1      | spaghetti the Deep Elf Hunter began the quest for the Orb.
     0 | D:1      | Reached XP level 1. HP: 12/12 MP: 3/3
   205 | D:1      | Reached XP level 2. HP: 16/16 MP: 4/4
   206 | D:1      | Reached skill level 6 in Ranged Weapons
   806 | D:2      | Noticed Natasha
   815 | D:2      | Killed Natasha
   816 | D:2      | Reached skill level 7 in Ranged Weapons
   816 | D:2      | Reached XP level 3. HP: 20/20 MP: 5/5
  1050 | D:2      | Noticed Natasha
  1054 | D:2      | Killed Natasha
  1055 | D:2      | Reached XP level 4. HP: 12/25 MP: 6/6
  1163 | D:2      | Noticed Sigmund
  1193 | D:2      | Killed Sigmund
  1194 | D:2      | Reached skill level 8 in Ranged Weapons
  1194 | D:2      | Reached XP level 5. HP: 15/29 MP: 6/12
  1366 | D:3      | Found a white marble altar of Elyvilon.
  1480 | D:3      | Reached XP level 6. HP: 34/34 MP: 13/13
  1564 | D:3      | Reached skill level 9 in Ranged Weapons
  1578 | D:3      | Learned a level 6 spell: Sculpt Simulacrum
  1628 | D:3      | Found a blossoming altar of Fedhas.
  1628 | D:3      | Found a shadowy altar of Dithmenos.
  1960 | D:3      | Reached skill level 1 in Ice Magic
  2128 | D:3      | HP: 1/34 [lemure[Pikel] (7)]
  2134 | D:3      | Slain by a lemure

Illustrated notes

Levels and vault maps discovered:
D:1:      dpeg_arrival_chambers_temple_mockup, layout_loops_ring
D:2:      layout_basic, grunt_ministairs_10, uniq_sigmund, uniq_natasha
D:3:      layout_basic, nicolae_elyvilon_peaceful_grove,
          gammafunk_temple_overflow_wave, chequers_serial_rivers_large_b
D:4:      layout_basic, amcnicky_altar_gilded, mainiacjoe_overflow_alcove_1,
          mainiacjoe_overflow_six_doors_small, minmay_crystal_water,
          chequers_serial_rivers_micro_a, nicolae_stop_n_shop_1,
          minmay_misc_feat_nine_boxes, nicolae_custom_books, uniq_pikel

Skill      XL: |  1  2  3  4  5  6 |
---------------+-------------------+-----
Ranged Weapons | 7 8 9 |  9.1
Spellcasting   | 3 4 |  4.7
Ice Magic      | 1 |  1.0
Fighting       | |  1.5
Dodging        | |  2.4
Stealth        | |  1.2
Alchemy        | |  0.9

Action                     |  1- 3 |  4- 6 || total
---------------------------+-------+-------++-------
   Fire: Shortbow          |    84 |   103 ||   187
    Use: Potion            |     2 |     6 ||     8
         Scroll            |       |     5 ||     5
 Armour: Leather armour    |    14 |    48 ||    62
  Dodge: Dodged            |    15 |    41 ||    56
